Map: Ascension to Aiur LE

Players

Nerchio - Winner!

  • Race: Zerg Zerg
  • Spawn Location: 11:00

TIME (Oliveira)

  • Race: Terran Terran
  • Spawn Location: 5:00

Event: WCS Jonkoping 2017

VOD

Have the link to the VOD?

Description

Time

  • Played on: June 17, 2017, 4 p.m.
  • Length: 18:59

All games in this series

Show
View Real Time Build Order
Export as new Build Order

Nerchio Zerg - Winner!

Build Orders: Pool First 

Get SALT Encoding   

  12  0:00  Drone  
  13  0:12  Overlord  
  13  0:17  Drone  
  14  0:30  Drone x2  
  14  0:34  Drone  
  17  0:44  Spawning Pool  
  17  0:48  Drone  
  17  0:55  Drone  
  18  1:02  Extractor  
  17  1:13  Hatchery  
  17  1:17  Drone  
  17  1:30  Queen  
  17  1:31  Zergling x2  
  20  1:35  Drone  
  20  1:39  Drone  
  22  1:49  Overlord  
  22  2:01  Metabolic Boost  
  22  2:06  Queen  
  25  2:08  Drone  
  25  2:11  Drone  
  26  2:22  Drone  
  27  2:24  Queen  
  27  2:27  Drone  
  30  2:33  Drone  
  30  2:36  Drone  
  32  2:42  Drone x3  
  34  2:56  Hatchery  
  33  2:59  Zergling x2  
  33  3:01  Zergling x2  
  33  3:05  Overlord  
  35  3:08  Drone  
  36  3:23  Queen  
  36  3:24  Drone x4  
  36  3:25  Drone  
  36  3:26  Drone  
  44  3:30  Overlord  
  44  3:41  Roach Warren, Drone  
  43  3:49  Drone x4  
  43  3:55  Evolution Chamber, Drone  
  47  4:00  Drone x2  
  47  4:01  Lair  
  47  4:02  Extractor  
  48  4:03  Overlord  
  48  4:06  Drone x2  
  48  4:08  Drone  
  50  4:21  Drone  
  50  4:22  Drone x5  
  56  4:26  Roach x3  
  56  4:28  Drone  
  56  4:30  Overlord  
  63  4:33  Drone  
  63  4:34  Extractor, Drone  
  63  4:35  Drone  
  63  4:38  Overlord  
  65  4:42  Drone  
  65  4:43  Extractor, Drone  
  66  4:49  Drone x2  
  68  4:53  Drone x4  
  68  4:57  Drone  
  68  4:58  Drone  
  74  5:01  Zerg Ground Armor Level 1  
  74  5:03  Drone  
  74  5:06  Glial Reconstitution  
  75  5:07  Drone  
  75  5:08  Drone  
  75  5:10  Extractor  
  75  5:11  Overlord  
  76  5:15  Drone x2  
  76  5:16  Drone  
  76  5:17  Drone x2  
  76  5:20  Drone  
  82  5:21  Extractor, Overlord  
  82  5:24  Overlord  
  82  5:28  Evolution Chamber  
  80  5:29  Roach  
  80  5:31  Roach  
  80  5:32  Roach  
  80  5:34  Roach  
  88  5:36  Roach  
  88  5:37  Overlord  
  88  5:41  Infestation Pit  
  89  5:44  Roach x2  
  89  5:47  Queen  
  95  5:54  Roach x4  
  105  5:57  Roach  
  105  5:59  Roach x2  
  111  6:04  Roach x2  
  111  6:06  Overlord  
  111  6:07  Overlord  
  113  6:12  Overlord, Zerg Missile Weapons Level 1  
  113  6:14  Pneumatized Carapace  
  113  6:17  Drone  
  114  6:22  Overlord  
  114  6:27  Drone x2  
  114  6:28  Drone  
  117  6:33  Roach x3  
  117  6:34  Hatchery  
  117  6:38  Roach x3  
  128  6:41  Overlord  
  128  6:48  Hive, Infestor  
  128  6:49  Infestor  
  128  6:54  Drone x4  
  135  6:57  Drone  
  135  6:58  Drone  
  135  6:59  Drone  
  135  7:00  Ravager  
  138  7:01  Drone  
  138  7:02  Extractor, Drone x2  
  138  7:07  Zerg Ground Armor Level 2  
  140  7:10  Overlord  
  140  7:12  Overlord  
  140  7:14  Overlord  
  140  7:17  Infestor  
  140  7:21  Zergling x2  
  140  7:22  Zergling x6  
  146  7:25  Overlord  
  146  7:26  Overlord  
  146  7:28  Overlord  
  146  7:31  Ravager  
  146  7:32  Ravager x3, Zergling x2  
  146  7:33  Zergling x2  
  146  7:36  Zergling x6  
  155  7:41  Zergling x2  
  155  7:42  Spore Crawler  
  155  7:43  Ravager x4  
  159  7:45  Zergling x4  
  159  7:46  Spore Crawler  
  159  7:49  Queen  
  162  7:54  Zergling x2  
  162  7:55  Zergling x8  
  162  7:58  Zergling x6  
  170  8:03  Ultralisk Cavern  
  170  8:04  Adrenal Glands  
  169  8:07  Zergling x4  
  169  8:08  Zergling x2  
  169  8:09  Zergling x2  
  173  8:17  Zerg Melee Weapons Level 1  
  173  8:21  Drone x6  
  173  8:23  Extractor, Overlord  
  178  8:37  Drone x3  
  178  8:38  Spire  
  180  8:44  Burrow  
  176  8:52  Ultralisk x2  
  176  8:53  Zergling x8  
  176  8:54  Zergling x2  
  186  9:00  Hatchery  
  186  9:02  Drone  
  186  9:03  Drone x5  
  186  9:07  Ravager x4  
  195  9:20  Ultralisk  
  195  9:22  Zergling x18  
  196  9:27  Zergling x6  
  197  9:36  Ultralisk  
  197  9:37  Zergling x6  
  193  9:45  Ultralisk  
  176  9:46  Zergling x4  
  176  9:51  Ultralisk  
  164  9:57  Ultralisk  
  158  10:01  Zergling x6  
  148  10:09  Zerg Ground Armor Level 3  
  148  10:11  Zergling x8  
  152  10:19  Ultralisk  
  152  10:21  Zergling x6  
  160  10:26  Infestor  
  160  10:28  Zergling x8  
  154  10:39  Ultralisk  
  154  10:41  Zergling x12  
  166  10:48  Ultralisk  
  172  10:55  Ultralisk  
  177  10:58  Zergling x6  
  175  11:07  Ultralisk  
  175  11:08  Zergling x6  
  175  11:09  Zergling x2  
  164  11:13  Zergling x8  
  164  11:15  Zergling x2  
  164  11:16  Zergling x2  
  161  11:20  Infestor x2  
  150  11:29  Zerg Melee Weapons Level 2  
  149  11:33  Ultralisk  
  155  11:42  Infestor  
  155  11:45  Drone x4  
  155  11:46  Extractor  
  160  11:49  Zergling x22  
  160  11:51  Zergling x2  
  172  11:56  Roach x3  
  172  11:57  Roach  
  173  12:13  Infestor x2  
  165  12:18  Corruptor x4  
  173  12:23  Corruptor  
  173  12:28  Corruptor  
  177  12:30  Zergling x6  
  177  12:31  Zergling x14  
  177  12:34  Zergling x4  
  177  12:35  Zergling x2  
  187  12:38  Corruptor  
  187  12:42  Corruptor  
  191  12:48  Corruptor x2  
  194  12:53  Corruptor  
  191  13:11  Corruptor x5  
  178  13:28  Corruptor x4  
  178  13:32  Zergling x6  
  178  13:33  Zergling x2  
  188  13:36  Zergling x6  
  190  13:46  Ultralisk  
  196  13:52  Greater Spire  
  196  14:01  Baneling Nest  
  195  14:04  Ultralisk x2  
  191  14:13  Ultralisk  
  185  14:22  Zerg Melee Weapons Level 3  
  185  14:26  Extractor  
  184  14:36  Hatchery  
  184  14:38  Drone x6  
  189  14:47  Centrifical Hooks  
  199  15:14  Brood Lord x5  
  199  15:55  Extractor  
  198  16:01  Baneling  
  198  16:02  Hatchery, Baneling x18  
  197  16:11  Corruptor  
  198  16:40  Zergling x4  
  188  17:02  Zergling x24  
  189  17:18  Zergling x4  
  156  17:23  Zergling x30  
  156  17:24  Zergling x12  
  156  17:26  Ultralisk x5  
  199  17:30  Baneling x10  
  199  17:33  Baneling  
  199  17:34  Baneling x11  
  199  17:47  Baneling x2  
  199  17:48  Baneling x10  
  197  18:01  Extractor  
  197  18:05  Ultralisk x2  
  184  18:21  Corruptor x9  
Show
View Real Time Build Order
Export as new Build Order

TIME Terran 

Build Orders: Reaper Expand, Bio Tank 

Get SALT Encoding   

  12  0:00  SCV  
  13  0:13  SCV  
  14  0:17  Supply Depot  
  14  0:25  SCV  
  15  0:39  SCV  
  15  0:40  Barracks  
  16  0:43  Refinery  
  16  0:51  SCV  
  17  1:03  SCV  
  18  1:15  SCV  
  19  1:27  Orbital Command, Reaper  
  20  1:40  Command Center  
  20  1:49  Supply Depot  
  20  1:53  SCV  
  21  1:59  Marine  
  22  2:05  SCV  
  22  2:07  Factory  
  23  2:17  SCV  
  23  2:20  Barracks Reactor  
  24  2:29  SCV  
  25  2:37  Command Center  
  25  2:41  SCV  
  26  2:52  Orbital Command  
  26  2:53  SCV  
  27  3:00  Hellion x2  
  27  3:03  Barracks Tech Lab  
  31  3:06  SCV  
  32  3:18  SCV x2  
  34  3:22  Hellion x2, Supply Depot  
  38  3:30  SCV  
  38  3:31  SCV  
  40  3:42  SCV  
  40  3:43  SCV  
  40  3:46  Stimpack, Barracks  
  42  3:50  Barracks  
  42  3:53  Factory Reactor  
  42  3:54  SCV  
  42  3:55  SCV  
  44  3:56  Marine  
  44  3:58  Orbital Command  
  45  4:06  SCV  
  45  4:07  SCV  
  47  4:11  Engineering Bay  
  47  4:12  Engineering Bay  
  47  4:13  Marine  
  47  4:14  Supply Depot  
  48  4:18  SCV  
  48  4:19  Refinery x2  
  49  4:24  SCV x2  
  51  4:35  Marine x2, Starport  
  51  4:36  Marine, Refinery, SCV  
  55  4:39  SCV, Factory Reactor  
  55  4:40  Orbital Command  
  56  4:47  Marine  
  56  4:48  Marine  
  56  4:49  Terran Infantry Weapons Level 1  
  56  4:51  SCV  
  59  4:53  Marine  
  59  4:54  SCV  
  59  4:55  Marine x2  
  59  4:57  Supply Depot  
  63  5:02  Terran Infantry Armor Level 1  
  63  5:03  SCV  
  63  5:05  Marine  
  63  5:06  SCV  
  63  5:07  SCV  
  67  5:09  Marine  
  67  5:11  Marine  
  69  5:15  SCV, Marine  
  69  5:18  SCV  
  69  5:19  SCV  
  69  5:20  Supply Depot  
  73  5:22  Medivac  
  73  5:23  Marine x2, Medivac  
  73  5:27  Marine, Factory Tech Lab, SCV  
  81  5:31  SCV, Supply Depot  
  81  5:33  Marine, Supply Depot  
  81  5:34  Marine  
  84  5:36  SCV  
  84  5:41  Marine, SCV  
  87  5:43  SCV, Armory  
  87  5:44  Marine  
  87  5:46  Marine  
  87  5:48  Combat Shields  
  90  5:51  Marine  
  90  5:52  Marine, Medivac  
  94  5:58  SCV x3  
  94  5:59  Marine  
  94  6:00  Supply Depot  
  94  6:02  Marine  
  94  6:03  Siege Tank  
  94  6:04  Marine  
  102  6:10  Marine, Medivac  
  102  6:11  SCV  
  107  6:12  Marine  
  107  6:13  SCV  
  109  6:21  Marine x2  
  109  6:22  Marine, SCV  
  113  6:28  Marine  
  113  6:30  Marine  
  113  6:31  Barracks x2  
  114  6:38  Siege Tank  
  114  6:39  SCV  
  117  6:41  Supply Depot  
  117  6:43  Marine x2, Refinery, Supply Depot  
  117  6:44  Refinery, SCV x2, Medivac, Marine  
  117  6:45  Marine  
  125  6:55  Marine  
  125  6:59  SCV  
  125  7:02  Marine x3, Medivac  
  125  7:03  Marine  
  125  7:04  SCV  
  125  7:05  Supply Depot  
  125  7:06  SCV  
  125  7:07  Factory  
  133  7:09  Terran Infantry Weapons Level 2  
  133  7:11  SCV  
  133  7:13  Marine  
  135  7:17  Supply Depot  
  135  7:20  Barracks Reactor, Marine x2  
  135  7:22  Barracks Reactor, Marine, SCV  
  140  7:32  Siege Tank  
  140  7:33  SCV  
  140  7:35  Terran Infantry Armor Level 2  
  145  7:39  Terran Vehicle Weapons Level 1  
  145  7:41  Supply Depot  
  143  7:44  Marine  
  143  7:45  Marine x2  
  143  7:47  Barracks  
  143  7:48  Marine  
  143  7:49  Marine, Barracks  
  147  7:54  Factory Tech Lab  
  147  8:02  Marine x3  
  147  8:03  Marine x2  
  147  8:04  Marine  
  147  8:05  Siege Tank  
  156  8:09  Marine  
  156  8:10  Marine  
  158  8:14  Marine  
  158  8:19  Siege Tank  
  162  8:20  Marine x3  
  162  8:21  Marine  
  162  8:22  Command Center  
  162  8:24  Marine x2  
  168  8:30  Marine, Supply Depot  
  168  8:31  Marine  
  168  8:32  Marine  
  168  8:33  Supply Depot  
  171  8:38  Barracks Tech Lab  
  171  8:41  Barracks Tech Lab  
  171  8:42  Marine  
  171  8:45  Marine  
  173  8:52  Siege Tank, Marine x2  
  173  8:53  Marine  
  172  8:55  Marine x2  
  172  8:56  Marauder  
  172  8:58  Marine  
  172  9:01  Marine  
  178  9:04  Marine  
  178  9:05  Marine  
  178  9:06  Marine  
  178  9:10  Marine  
  178  9:11  Marine x2  
  178  9:13  Marine  
  182  9:17  Marauder  
  182  9:18  Marine  
  182  9:19  Marine x2  
  182  9:21  Marine  
  182  9:23  Marauder  
  173  9:24  Marine  
  173  9:26  Siege Tank, Terran Infantry Weapons Level 3  
  173  9:27  Marine  
  173  9:28  Marine  
  173  9:29  Marine  
  173  9:31  Marine  
  175  9:36  Marine  
  175  9:37  Marine x2  
  169  9:39  Marauder  
  169  9:43  Marauder  
  155  9:46  Marine x2  
  155  9:47  Marauder  
  155  9:49  Marine  
  155  9:51  Siege Tank, Marine  
  155  9:52  Terran Infantry Armor Level 3  
  145  9:53  Marine  
  145  9:54  Marine  
  128  10:00  Liberator, Marauder  
  128  10:04  Marauder  
  128  10:05  Planetary Fortress  
  132  10:07  Starport  
  132  10:10  Siege Tank, Marine  
  132  10:11  Marauder  
  132  10:12  Marine  
  133  10:33  Marine x3  
  133  10:34  Marauder x3  
  140  10:35  Marine  
  140  10:39  Terran Vehicle Weapons Level 2  
  141  10:45  Siege Tank, Starport Reactor  
  141  10:49  Marine x2  
  146  10:55  Marauder x3  
  146  10:56  Marine  
  143  10:58  Marine  
  135  11:06  Liberator x4  
  135  11:09  Marine  
  135  11:10  Marine  
  123  11:12  SCV  
  123  11:16  Marauder x3  
  123  11:17  Marine  
  123  11:28  SCV x2  
  123  11:32  Marine  
  124  11:33  Marine  
  124  11:38  Marauder x2  
  129  11:40  SCV  
  129  11:43  Marauder, Marine x2, SCV  
  129  11:46  SCV  
  136  11:48  SCV  
  136  11:49  Marine  
  136  11:51  Marine x2  
  136  11:52  Marine  
  136  11:53  Marine  
  142  11:56  Marine  
  142  11:59  Siege Tank, Marauder  
  142  12:01  Marine  
  151  12:02  Siege Tank  
  151  12:03  Liberator x2  
  151  12:06  Liberator  
  151  12:07  Marine  
  149  12:08  SCV  
  149  12:09  Marine  
  145  12:19  Command Center  
  147  12:25  Marine  
  147  12:26  Marauder  
  147  12:27  Marauder  
  147  12:28  SCV x2  
  157  12:31  SCV  
  157  12:32  Marine  
  157  12:35  Marine  
  162  12:37  Marauder  
  162  12:39  Liberator  
  162  12:40  SCV x2  
  162  12:41  Marine  
  162  12:42  Marine  
  162  12:43  SCV  
  167  12:47  Marauder  
  169  12:52  Marauder, SCV, Marine  
  169  12:54  Marine  
  177  13:01  Marine  
  177  13:04  Marine  
  179  13:06  Liberator  
  179  13:09  Marine  
  179  13:12  Marauder  
  181  13:17  Marine  
  171  13:20  Supply Depot  
  171  13:22  Supply Depot  
  134  13:27  Medivac  
  134  13:29  Marine, Medivac  
  115  13:35  Planetary Fortress  
  115  13:40  Marauder  
  117  13:45  Missile Turret  
  117  13:50  Medivac  
  117  13:52  Liberator x2, Marine x2  
  123  13:59  Marine, Medivac  
  116  14:10  Marine  
  116  14:11  Marine  
  116  14:12  Marauder, Marine x2  
  116  14:16  Orbital Command  
  122  14:18  Marine  
  122  14:19  Liberator  
  122  14:20  Marine, Medivac  
  122  14:23  Marine  
  123  14:25  Siege Tank  
  123  14:28  Hellion  
  123  14:29  Marine  
  127  14:33  Liberator  
  127  14:37  Marine  
  129  14:39  Sensor Tower  
  129  14:41  Marauder, Marine  
  129  14:42  Marine  
  129  14:44  Marine  
  134  14:52  Marine  
  137  14:53  Marauder  
  137  14:56  Siege Tank  
  137  14:59  Marine  
  146  15:00  Marauder  
  146  15:01  Liberator  
  146  15:03  Marauder  
  146  15:04  Marine x2  
  146  15:05  Marine x2  
  152  15:07  Marine  
  152  15:12  Siege Tank  
  152  15:13  Marine x2  
  158  15:18  Medivac  
  158  15:19  Marine  
  164  15:22  Marine  
  164  15:23  Missile Turret  
  164  15:24  Bunker  
  164  15:30  Marine  
  164  15:31  Marauder, Marine x2  
  164  15:32  Marauder, Marine x2  
  164  15:33  Marine, Supply Depot  
  164  15:34  Marine  
  174  15:37  Marine  
  174  15:39  Siege Tank, Liberator, Marine  
  177  15:46  Liberator  
  177  15:48  Marine  
  178  15:51  Marine  
  178  15:52  Marauder  
  178  15:53  Siege Tank, Marauder, Refinery x2  
  178  15:57  Marine  
  189  15:59  Marine  
  189  16:00  Marauder  
  196  16:10  Marine  
  197  16:13  Marauder, Marine  
  200  16:35  Marine  
  197  16:45  Marine  
  197  16:46  Viking x3  
  179  17:00  Viking  
  174  17:03  Ghost Academy  
  149  17:16  Viking  
  149  17:17  Marauder, Marine x2  
  149  17:18  Marine  
  149  17:19  Marine  
  149  17:20  Marine  
  149  17:22  Viking  
  122  17:28  Marine, Viking  
  122  17:29  Marine x2  
  111  17:30  Thor  
  111  17:32  Viking  
  111  17:34  Marine  
  111  17:36  Marine  
  128  17:39  Marine  
  128  17:41  Marine  
  130  17:44  Marine  
  130  17:46  Ghost x3  
  130  17:47  Marine x2  
  130  17:48  Marine  
  138  17:52  Marine  
  138  17:55  Medivac  
  138  17:56  Marine  
  142  18:00  Marine x2  
  142  18:04  Marine, Orbital Command  
  142  18:05  Marine  
  130  18:06  Marine x2  
  130  18:07  Orbital Command  
  130  18:10  Viking  
  120  18:16  Marauder x3  
  94  18:20  Orbital Command  
  94  18:21  Viking  
  94  18:22  Marine  
  94  18:24  Marine  
  98  18:27  Marine  
  98  18:29  Marine  
  98  18:34  SCV, Marine  
  102  18:37  Marauder, Marine  
Tags
 
Add a new tag
Caveats
  • Supply blocks, unpowered buildings, or Contaminate may cause inaccurate times.
  • Supply counts are checked every 10 seconds.